IL
FRESNO GRIZZLIES @ BUFFALO BISONS
07/25/2045
 
TOP OF THE 1ST
Fresno Grizzlies batting - Pitching for Buffalo Bisons : LHP Jon Sosa
Pitching: LHP Jon Sosa
Batting: LHB Bob Myers 0-0: Ball
1-0: Fly out, F8 (Flyball, 8RM, EV 87.5 MPH)
Batting: SHB Nate Kopchak 0-0: Swinging Strike
0-1: Swinging Strike
0-2: Strikes out swinging
Batting: LHB Mike Davis 0-0: Ball
1-0: Ball
2-0: Foul Ball, location: 2F
2-1: Foul Ball, location: 2F
2-2: Strikes out looking
Top of the 1st over - 0 runs, 0 hits, 0 errors, 0 left on base; Fresno 0 - Buffalo 0
BOTTOM OF THE 1ST
Buffalo Bisons batting - Pitching for Fresno Grizzlies : RHP Danny Bustos
Pitching: RHP Danny Bustos
Batting: RHB Pedro Nin 0-0: Ball
1-0: Called Strike
1-1: Called Strike
1-2: Ball
2-2: Ball
3-2: Base on Balls
Batting: LHB Cody Schumacher 0-0: Called Strike
0-1: Ball
1-1: Called Strike
Pedro Nin steals 2nd base
1-2: Foul Ball, location: 2F
1-2: Ground out 4-3 (Groundball, 4, EV 101.2 MPH)
Pedro Nin to third
Batting: RHB Danny Burnside 0-0: Called Strike
0-1: Ground out 1-3 (Groundball, 13S, EV 62.5 MPH)
Batting: RHB Alex Ramos 0-0: Ball
1-0: Ball
2-0: Ball
3-0: Called Strike
3-1: Called Strike
3-2: Fly out, F7 (Flyball, 7D, EV 107.5 MPH)
Bottom of the 1st over - 0 runs, 0 hits, 0 errors, 1 left on base; Fresno 0 - Buffalo 0
TOP OF THE 2ND
Fresno Grizzlies batting - Pitching for Buffalo Bisons : LHP Jon Sosa
Batting: SHB Troy Kenyon 0-0: Ball
1-0: Ball
2-0: Ball
3-0: Foul Ball, location: 2F
3-1: Called Strike
3-2: Strikes out swinging
Batting: LHB Doug Anderson 0-0: Called Strike
0-1: SINGLE (Line Drive, 4MD, EV 105.0 MPH)
Batting: LHB Chris Cabrera 0-0: Foul Ball, location: 2F
0-1: Ball
1-1: Called Strike
1-2: Strikes out swinging
Batting: LHB Daniel Lopez 0-0: Ball
1-0: Ball
2-0: Ball
3-0: Called Strike
3-1: Foul Ball, location: 2F
3-2: SINGLE (Groundball, 34D, EV 100.0 MPH) (infield hit)
Doug Anderson to second
Batting: LHB Vinny Siebecker 0-0: Ball
1-0: Foul Ball, location: 2F
1-1: Ball
2-1: Swinging Strike
2-2: Strikes out looking
Top of the 2nd over - 0 runs, 2 hits, 0 errors, 2 left on base; Fresno 0 - Buffalo 0
BOTTOM OF THE 2ND
Buffalo Bisons batting - Pitching for Fresno Grizzlies : RHP Danny Bustos
Batting: RHB Kai Stoyle 0-0: Called Strike
0-1: Foul Ball, location: 2F
0-2: SINGLE (Groundball, 13S, EV 67.5 MPH) (infield hit)
Batting: LHB Tso-lin Fen 0-0: Ball
1-0: Called Strike
1-1: Called Strike
Kai Stoyle steals 2nd base
1-2: Ball
2-2: Foul Ball, location: 2F
2-2: Ground out U3 (Groundball, 3L, EV 92.5 MPH)
Kai Stoyle to third
Batting: RHB John Creel 0-0: Fly out, F7 (Flyball, 7S, EV 87.5 MPH)
Runner from 3rd tags up, SCORES, throw by LF
Batting: RHB Danny Heyer 0-0: Ball
1-0: Ball
2-0: Called Strike
2-1: Swinging Strike
2-2: Strikes out looking
Bottom of the 2nd over - 1 run, 1 hit, 0 errors, 0 left on base; Fresno 0 - Buffalo 1
TOP OF THE 3RD
Fresno Grizzlies batting - Pitching for Buffalo Bisons : LHP Jon Sosa
Batting: RHB Raul Sanchez 0-0: Ground out 5-3 (Groundball, 56, EV 84.4 MPH)
Batting: LHB Bob Myers 0-0: Ball
1-0: Foul Ball, location: 2F
1-1: Ball
2-1: Ball
3-1: Called Strike
3-2: Base on Balls
Batting: SHB Nate Kopchak 0-0: Ball
1-0: Called Strike
Bob Myers steals 2nd base
1-1: Foul Ball, location: 2F
1-2: Ball
2-2: Foul Ball, location: 2F
2-2: Ball
3-2: Base on Balls
Batting: LHB Mike Davis 0-0: Ball
1-0: Ball
2-0: Swinging Strike
2-1: Called Strike
2-2: Ball
3-2: Fielders Choice at 2nd, 6-4 (Groundball, 6, EV 110.6 MPH)
Bob Myers to third
Batting: SHB Troy Kenyon 0-0: Ball
1-0: Called Strike
1-1: Ball
2-1: Foul Ball, location: 2F
2-2: Strikes out swinging
Top of the 3rd over - 0 runs, 0 hits, 0 errors, 2 left on base; Fresno 0 - Buffalo 1
BOTTOM OF THE 3RD
Buffalo Bisons batting - Pitching for Fresno Grizzlies : RHP Danny Bustos
Batting: RHB Bobby Keithley 0-0: Called Strike
0-1: Swinging Strike
0-2: Ball
1-2: Ground out 5-3 (Groundball, 56, EV 100.0 MPH)
Batting: RHB Pedro Nin 0-0: Called Strike
0-1: Ball
1-1: Ball
2-1: Ball
3-1: Called Strike
3-2: Base on Balls
Batting: LHB Cody Schumacher 0-0: Ball
Pedro Nin steals 2nd base (no throw)
1-0: Foul Ball, location: 2F
1-1: Ball
2-1: Ball
3-1: Foul Ball, location: 2F
3-2: SINGLE (Line Drive, 78M, EV 105.6 MPH)
Pedro Nin to third
Runner from 3rd tries for Home, SAFE, throw by LF to home
Cody Schumacher to second
Batting: RHB Danny Burnside 0-0: Swinging Strike
0-1: Foul Ball, location: 2F
0-2: Ball
1-2: Foul Ball, location: 2F
1-2: Strikes out swinging
Batting: RHB Alex Ramos 0-0: Called Strike
0-1: SINGLE (Line Drive, 8RM, EV 95.6 MPH)
Cody Schumacher to third
Runner from 3rd tries for Home, SAFE, throw by CF to home
Batting: RHB Kai Stoyle 0-0: Called Strike
0-1: Ball
1-1: Ball
2-1: SINGLE (Groundball, 34, EV 85.6 MPH) (infield hit)
Alex Ramos to second
Batting: LHB Tso-lin Fen 0-0: Foul Ball, location: 2F
0-1: Fly out, F8 (Line Drive, 8RM, EV 95.6 MPH)
Bottom of the 3rd over - 2 runs, 3 hits, 0 errors, 2 left on base; Fresno 0 - Buffalo 3
TOP OF THE 4TH
Fresno Grizzlies batting - Pitching for Buffalo Bisons : LHP Jon Sosa
Batting: LHB Doug Anderson 0-0: Ball
1-0: Called Strike
1-1: Swinging Strike
1-2: Ball
2-2: Strikes out looking
Batting: LHB Chris Cabrera 0-0: Fly out, F3 (Popup, 3S, EV 66.2 MPH)
Batting: LHB Daniel Lopez 0-0: Ground out 4-3 (Groundball, 4, EV 88.1 MPH)
Top of the 4th over - 0 runs, 0 hits, 0 errors, 0 left on base; Fresno 0 - Buffalo 3
BOTTOM OF THE 4TH
Buffalo Bisons batting - Pitching for Fresno Grizzlies : RHP Danny Bustos
Batting: RHB John Creel 0-0: Called Strike
0-1: Ball
1-1: Ground out 4-3 (Groundball, 4, EV 106.2 MPH)
Batting: RHB Danny Heyer 0-0: Ball
1-0: Called Strike
1-1: Foul Ball, location: 2F
1-2: SINGLE (Groundball, 6, EV 95.6 MPH)
Batting: RHB Bobby Keithley 0-0: Called Strike
0-1: Foul Ball, location: 2F
0-2: Ball
1-2: Ball
2-2: Ball
Danny Heyer steals 2nd base
3-2: Foul Ball, location: 2F
3-2: Ground out U3 (Groundball, 3, EV 106.2 MPH)
Danny Heyer to third
Batting: RHB Pedro Nin 0-0: Ground out 4-3 (Groundball, 4M, EV 93.8 MPH)
Bottom of the 4th over - 0 runs, 1 hit, 0 errors, 1 left on base; Fresno 0 - Buffalo 3
TOP OF THE 5TH
Fresno Grizzlies batting - Pitching for Buffalo Bisons : LHP Jon Sosa
Batting: LHB Vinny Siebecker 0-0: Ball
1-0: Ball
2-0: Ball
3-0: Called Strike
3-1: Base on Balls
Batting: RHB Raul Sanchez 0-0: Called Strike
0-1: Called Strike
0-2: SINGLE (Groundball, 6MD, EV 95.0 MPH)
Vinny Siebecker to second
Batting: LHB Bob Myers 0-0: Swinging Strike
0-1: Ball
1-1: Fielders Choice at 2nd, 3-6 (Groundball, 3, EV 91.9 MPH)
Vinny Siebecker to third
Batting: SHB Nate Kopchak 0-0: Ball
Bob Myers is caught stealing 2nd base 2-4
1-0: Ball
2-0: Foul Ball, location: 2F
2-1: Foul Ball, location: 2F
2-2: Ball
3-2: Base on Balls
Batting: LHB Mike Davis 0-0: SINGLE (Line Drive, 9LS, EV 107.5 MPH)
Vinny Siebecker scores
Nate Kopchak to second
Batting: SHB Troy Kenyon 0-0: Called Strike
0-1: Ball
Wild Pitch!
Nate Kopchak to third
Mike Davis to second
1-1: Ball
2-1: SINGLE (Line Drive, 9LS, EV 86.2 MPH)
Nate Kopchak scores
Mike Davis to third
Batting: LHB Doug Anderson 0-0: Ball
1-0: Called Strike
1-1: DOUBLE (Flyball, 8LXD, EV 107.5 MPH)
Mike Davis scores
Troy Kenyon to third
Runner from 3rd tries for Home, SAFE, throw by CF to trailing runner, SAFE at third!
Batting: LHB Chris Cabrera 0-0: Called Strike
0-1: Ball
1-1: Called Strike
1-2: Strikes out swinging
Top of the 5th over - 4 runs, 4 hits, 0 errors, 1 left on base; Fresno 4 - Buffalo 3
BOTTOM OF THE 5TH
Buffalo Bisons batting - Pitching for Fresno Grizzlies : RHP Danny Bustos
Batting: LHB Cody Schumacher 0-0: Fly out, F7 (Flyball, 78D, EV 92.5 MPH)
Batting: RHB Danny Burnside 0-0: Swinging Strike
0-1: Reached on error, E2 (Groundball, 15S, EV 71.9 MPH)
Batting: RHB Alex Ramos 0-0: Ball
1-0: Ball
2-0: Called Strike
2-1: Ball
3-1: Base on Balls
Batting: RHB Kai Stoyle 0-0: Ball
1-0: Called Strike
1-1: SINGLE (Groundball, 6MD, EV 96.9 MPH)
Danny Burnside to third
Alex Ramos to second
Runner from 3rd tries for Home, SAFE, throw by CF to home
Batting: LHB Tso-lin Fen 0-0: Ball
1-0: Called Strike
1-1: Ball
2-1: Swinging Strike
2-2: Fielders Choice at 2nd, 1-6 (Groundball, 34S, EV 68.1 MPH)
Alex Ramos to third
Batting: RHB John Creel 0-0: Ball
1-0: Called Strike
1-1: Called Strike
1-2: Strikes out swinging
Bottom of the 5th over - 1 run, 1 hit, 1 error, 2 left on base; Fresno 4 - Buffalo 4
TOP OF THE 6TH
Fresno Grizzlies batting - Pitching for Buffalo Bisons : LHP Jon Sosa
Batting: LHB Daniel Lopez 0-0: Foul Ball, location: 2F
0-1: Ball
1-1: Ball
2-1: Swinging Strike
2-2: SINGLE (Line Drive, 78S, EV 105.6 MPH)
Batting: LHB Vinny Siebecker 0-0: Called Strike
0-1: Ball
1-1: Ball
2-1: Swinging Strike
2-2: Strikes out swinging
Pitching: RHP John Mathis
Batting: RHB Raul Sanchez 0-0: Called Strike
0-1: Foul Ball, location: 2F
0-2: Ball
1-2: Ball
2-2: Strikes out swinging
Batting: LHB Bob Myers 0-0: Called Strike
0-1: Foul Ball, location: 2F
0-2: Ball
1-2: Ball
2-2: Foul Ball, location: 2F
2-2: Ball
3-2: Foul Ball, location: 2LF, Error on foul ball, E2
3-2: Strikes out looking
Top of the 6th over - 0 runs, 1 hit, 1 error, 1 left on base; Fresno 4 - Buffalo 4
BOTTOM OF THE 6TH
Buffalo Bisons batting - Pitching for Fresno Grizzlies : RHP Danny Bustos
Batting: RHB Danny Heyer 0-0: Ball
1-0: DOUBLE (Line Drive, 3D, EV 95.0 MPH)
Batting: RHB Bobby Keithley 0-0: Ball
1-0: Fly out, F8 (Flyball, 78M, EV 91.9 MPH)
Batting: RHB Pedro Nin 0-0: Called Strike
0-1: Called Strike
0-2: Foul Ball, location: 2F
0-2: Ball
1-2: Ball
2-2: Foul Ball, location: 2F
2-2: Ball
3-2: Foul Ball, location: 2F
3-2: SINGLE (Groundball, 25, EV 73.1 MPH) (infield hit)
Danny Heyer to third
Pitching: RHP Ray Leuthauser
Batting: LHB Cody Schumacher 0-0: Ball
1-0: Ball
2-0: Foul Ball, location: 2F
2-1: Foul Ball, location: 2F
2-2: Ball
Pedro Nin steals 2nd base
3-2: Ground out 5-3 (Groundball, 56, EV 104.4 MPH)
Batting: RHB Danny Burnside 0-0: Ball
1-0: Ball
2-0: Fly out, F7 (Flyball, 78XD, EV 89.4 MPH)
Bottom of the 6th over - 0 runs, 2 hits, 0 errors, 2 left on base; Fresno 4 - Buffalo 4
TOP OF THE 7TH
Fresno Grizzlies batting - Pitching for Buffalo Bisons : RHP John Mathis
Batting: SHB Nate Kopchak 0-0: Foul Ball, location: 2F
0-1: Ball
1-1: Foul Ball, location: 2F
1-2: Foul Ball, location: 2F
1-2: Ball
2-2: Foul Ball, location: 2F
2-2: Strikes out swinging
Pitching: LHP Vinny Zavala
Batting: LHB Mike Davis 0-0: Ball
1-0: Foul Ball, location: 2F
1-1: Called Strike
1-2: Strikes out looking
Batting: SHB Troy Kenyon 0-0: Ball
1-0: Foul Ball, location: 2F
1-1: Swinging Strike
1-2: Strikes out swinging, 2-3 out at first.
Top of the 7th over - 0 runs, 0 hits, 0 errors, 0 left on base; Fresno 4 - Buffalo 4
BOTTOM OF THE 7TH
Buffalo Bisons batting - Pitching for Fresno Grizzlies : RHP Ray Leuthauser
Batting: RHB Alex Ramos 0-0: Ball
1-0: Ball
2-0: Called Strike
2-1: Foul Ball, location: 2F
2-2: Foul Ball, location: 2F
2-2: Ground out 5-3 (Groundball, 56S, EV 63.1 MPH)
Batting: RHB Kai Stoyle 0-0: Ball
1-0: Ball
2-0: Ball
3-0: Base on Balls
Batting: LHB Tso-lin Fen 0-0: Called Strike
0-1: Ball
Kai Stoyle steals 2nd base
1-1: Foul Ball, location: 2F
1-2: Ground out 4-3 (Groundball, 4S, EV 68.8 MPH)
Kai Stoyle to third
Batting: RHB John Creel 0-0: Called Strike
0-1: Ball
1-1: Ball
2-1: Swinging Strike
2-2: SINGLE (Groundball, 4, EV 100.0 MPH)
Kai Stoyle scores
Pinch Hitting: LHB Timo Gomez 0-0: Ball
1-0: Ball
2-0: Ball
3-0: Base on Balls
John Creel to second
Batting: RHB Bobby Keithley 0-0: Ball
1-0: Ground out 4-3 (Groundball, 4, EV 102.5 MPH)
Bottom of the 7th over - 1 run, 1 hit, 0 errors, 2 left on base; Fresno 4 - Buffalo 5
TOP OF THE 8TH
Fresno Grizzlies batting - Pitching for Buffalo Bisons : LHP Vinny Zavala
Now at 3B: Kirk Seiffert
Now in LF: Timo Gomez
Batting: LHB Doug Anderson 0-0: Ball
1-0: Ball
2-0: Called Strike
2-1: Ball
3-1: Called Strike
3-2: Foul Ball, location: 2F
3-2: Foul Ball, location: 2F
3-2: Foul Ball, location: 2F
3-2: Strikes out looking
Batting: LHB Chris Cabrera 0-0: Ball
1-0: Foul Ball, location: 2F
1-1: Foul Ball, location: 2F
1-2: Ball
2-2: Strikes out swinging
Batting: LHB Daniel Lopez 0-0: Ball
1-0: Foul Ball, location: 2F
1-1: Foul Ball, location: 2F
1-2: Foul Ball, location: 2F
1-2: Strikes out swinging
Top of the 8th over - 0 runs, 0 hits, 0 errors, 0 left on base; Fresno 4 - Buffalo 5
BOTTOM OF THE 8TH
Buffalo Bisons batting - Pitching for Fresno Grizzlies : RHP Ray Leuthauser
Pitching: RHP Brett Kitchen
Batting: RHB Pedro Nin 0-0: Ball
1-0: SINGLE (Groundball, 4M, EV 96.9 MPH)
Batting: LHB Cody Schumacher 0-0: Ball
1-0: Foul Ball, location: 2F
1-1: Called Strike
1-2: Fly out, F8 (Flyball, 8LS, EV 98.8 MPH)
Batting: RHB Danny Burnside 0-0: Called Strike
Pedro Nin steals 2nd base (no throw)
0-1: Ball
1-1: Ball
2-1: Called Strike
2-2: SINGLE (Groundball, 4M, EV 98.8 MPH) (infield hit)
Pedro Nin to third
Batting: RHB Alex Ramos 0-0: Ball
Danny Burnside steals 2nd base (no throw)
1-0: Ball
2-0: Foul Ball, location: 2F
2-1: Foul Ball, location: 2F
2-2: Foul Ball, location: 2F
2-2: Ball
3-2: Base on Balls
Batting: RHB Kai Stoyle 0-0: Ball
1-0: Called Strike
1-1: Fly out, F7 (Flyball, 7S, EV 90.6 MPH)
Batting: RHB Kirk Seiffert 0-0: Ball
1-0: Ball
2-0: Ball
3-0: Base on Balls
Pedro Nin scores
Danny Burnside to third
Alex Ramos to second
Batting: RHB John Creel 0-0: Ball
1-0: Called Strike
1-1: Ball
2-1: Called Strike
2-2: Strikes out looking
Bottom of the 8th over - 1 run, 2 hits, 0 errors, 3 left on base; Fresno 4 - Buffalo 6
TOP OF THE 9TH
Fresno Grizzlies batting - Pitching for Buffalo Bisons : LHP Vinny Zavala
Pitching: LHP Julio Gonzalez
Batting: LHB Vinny Siebecker 0-0: Swinging Strike
0-1: Ball
1-1: Foul Ball, location: 2F
1-2: Ball
2-2: Foul Ball, location: 2F
2-2: Strikes out swinging
Batting: RHB Raul Sanchez 0-0: Called Strike
0-1: Called Strike
0-2: Strikes out swinging
Batting: LHB Bob Myers 0-0: Ball
1-0: Ball
2-0: Ball
3-0: Called Strike
3-1: SOLO HOME RUN (Flyball, 7D, EV 98.1 MPH), Distance : 362 ft
Batting: SHB Nate Kopchak 0-0: Ball
1-0: Ball
2-0: Called Strike
2-1: Ball
3-1: Fly out, F3 (Line Drive, 3, EV 68.1 MPH)
Top of the 9th over - 1 run, 1 hit, 0 errors, 0 left on base; Fresno 5 - Buffalo 6
Wednesday, June 22nd , 2022 - OOTP Baseball 23.4 Build 64